 Dungeon Crawl Stone Soup version 0.19-a0-1886-gd64a0f0 (webtiles) character file.

2541 JeffiDaFish the Covert (level 9, 0/68 HPs)
             Began as a Vampire Enchanter on Oct 17, 2016.
             Was a Follower of Dithmenos.
             Slain by a troll (14 damage)
             ... on level 8 of the Dungeon.
             The game lasted 00:32:12 (8393 turns).

JeffiDaFish the Covert (Vampire Enchanter)          Turns: 8393, Time: 00:32:13

Health: 0/68       AC:  4    Str: 10    XL:     9   Next: 30%
Magic:  5/14       EV: 14    Int: 18    God:    Dithmenos [*.....]
Gold:   254        SH:  0    Dex: 14    Spells: 4 memorised, 6 levels left

rFire  + . .     SeeInvis +     f - +1 dagger (vamp)
rCold  + . .     Gourm    .     b - +1 robe
rNeg   + + .     Faith    .     (no shield)
rPois  +         Spirit   .     (no helmet)
rElec  .         Dismiss  +     e - +0 cloak
rCorr  .         Reflect  .     (no gloves)
MR     .....     Harm     .     (no boots)
Stlth  ++++++....               i - amulet of dismissal
                                k - ring of wizardry
                                h - ring of protection from fire

@: regenerating slowly, wreathed by umbra
A: fangs 3, see invisible, unbreathing
a: Bat Form, Renounce Religion


You were on level 8 of the Dungeon.
You worshipped Dithmenos.
Dithmenos was aware of your devotion.
You were thirsty.

You visited 2 branches of the dungeon, and saw 9 of its levels.

You collected 336 gold pieces.
You spent 82 gold pieces at shops.

Inventory:

Hand Weapons
 f - a +1 vampiric dagger (weapon)
Armour
 b - a +1 robe (worn)
 e - a +0 cloak (worn)
Jewellery
 h - a ring of protection from fire (left hand)
 i - an amulet of dismissal (around neck)
 k - a ring of wizardry (right hand)
Wands
 t - a wand of iceblast (10/15)
Scrolls
 j - 5 scrolls of remove curse
 l - 2 scrolls of fog
 o - a scroll of amnesia
 q - 4 scrolls of teleportation
 v - 8 scrolls of identify
Potions
 a - a potion of might
 d - 8 potions of blood
 g - a potion of cancellation
 m - a potion of invisibility
 n - a potion of brilliance
 p - 2 potions of magic
 u - a potion of curing
Books
 c - a book of Maledictions

   Spells                             Type                      Level
   a - Corona                         Hexes                        1
   b - Ensorcelled Hibernation        Hexes/Ice                    2
   c - Confuse                        Hexes                        3
   d - Tukima's Dance                 Hexes                        3
   e - Dazzling Spray                 Conjuration/Hexes            3
 r - a book of Misfortune

   Spells                             Type                      Level
   a - Confusing Touch                Hexes                        1
   b - Confuse                        Hexes                        3
   c - Gell's Gravitas                Hexes/Translocation          3
   d - Petrify                        Transmutation/Earth          4
   e - Metabolic Englaciation         Hexes/Ice                    5
   f - Yara's Violent Unravelling     Hexes/Transmutation          5


   Skills:
 * Level 5.2 Fighting
 + Level 4.7 Short Blades
 + Level 4.8 Dodging
 * Level 10.6 Stealth
 + Level 3.8 Spellcasting
 + Level 7.9 Hexes
 + Level 3.7 Ice Magic


You had 6 spell levels left.
You knew the following spells:

 Your Spells              Type           Power        Failure   Level  Hunger
a - Corona                Hex            ####...      1%          1    None
b - Ensorcelled Hibernat  Hex/Ice        ###...       1%          2    ##.....
c - Confuse               Hex            ####....     1%          3    ###....
d - Dazzling Spray        Conj/Hex       ###...       4%          3    ###....


Dungeon Overview and Level Annotations

Branches:
Dungeon (8/15)             Temple (1/1) D:6
   Lair: D:8-11

Altars:
Ashenzari
Dithmenos
Elyvilon
Fedhas
Gozag
Kikubaaqudgha
Nemelex Xobeh
Okawaru
Qazlal
Ru
Trog
Uskayaw
Vehumet
Xom
Yredelemnul
Zin
The Shining One

Shops:
D:4 ?   D:5 %

Annotations:
D:8 CaecusUmbra's ghost, novice MiFi


Innate Abilities, Weirdness & Mutations

You heal slowly.
You have razor-sharp teeth.
You have supernaturally acute eyesight. (SInv)
You can survive without breathing.


Message History

The centaur zombie is almost destroyed.
The crimson imp hits you but does no damage.
The centaur zombie hits you but does no damage.
A centaur comes into view.
The centaur shouts!
You hit the centaur zombie but do no damage.
You bite the centaur zombie.
The centaur zombie is almost destroyed.
The crimson imp closely misses you.
The centaur wields a shortbow.
The centaur shoots an arrow.
The arrow hits you but does no damage. The centaur zombie hits you!
The centaur zombie hits you.
The centaur shoots an arrow.
The arrow hits you!
You see here an arrow.
The troll barely misses you. x3; The crimson imp blinks!
The centaur zombie hits you.
* * * LOW HITPOINT WARNING * * *
The troll bites you.
* * * LOW HITPOINT WARNING * * *
The troll claws you!
You die...

....#.####### #.. .
#.###....... .. .. ..##..#
#.# .# ...
......####.########.##....
..[.................c.....
<####.##.#.......#(.###...
.#.................##
.).##.###.#.....TZ##
...##.##..#..>..@.#
..###.##.##......## ..#
#.##. #...5..# ### #.##.
#.......# #
#.##.#.........
#####.##...####..#.
....... . #.... #####..
####+. #####..


You could see a troll, a centaur, a crimson imp and a centaur zombie.

Vanquished Creatures
  A komodo dragon (D:7)
  A hungry ghost (D:8)
  A soldier ant (D:7)
  An orc warrior (D:7)
  A sky beast (D:6)
  A necrophage (D:6)
  A phantom (D:7)
  7 ogres
  A bullfrog (D:8)
  2 scorpions
  3 wights (D:6)
  5 howler monkeys
  A centaur zombie (D:5)
  A bullfrog zombie (D:6)
  A crimson imp (D:6)
  2 hounds
  A bullfrog skeleton (D:4)
  An orc priest (D:6)
  2 orc wizards
  Ijyb (D:2)
  2 iguanas
  4 worker ants
  2 hound skeletons
  4 gnolls (D:6)
  4 adders
  An ooze (D:5)
  2 adder zombies
  4 worms
  4 leopard geckos
  12 orcs
  8 giant cockroaches
  5 goblins
  6 hobgoblins
  12 jackals
  3 quokkas
  A ball python (D:1)
  10 bats
  A frilled lizard (D:4)
  A jackal zombie (D:4)
  9 kobolds
  A quokka skeleton (D:6)
  6 rats
137 creatures vanquished.

Notes
Turn   | Place    | Note
-------+----------+-------------------------------------------
     0 | D:1      | JeffiDaFish the Vampire Enchanter began the quest for the Orb.
     0 | D:1      | Reached XP level 1. HP: 13/13 MP: 3/3
   732 | D:1      | Reached XP level 2. HP: 19/19 MP: 5/5
   937 | D:1      | Reached skill level 5 in Stealth
   941 | D:1      | Learned a level 2 spell: Ensorcelled Hibernation
   959 | D:1      | Reached skill level 5 in Hexes
  1619 | D:1      | Reached XP level 3. HP: 24/24 MP: 6/6
  2023 | D:2      | Learned a level 3 spell: Confuse
  2106 | D:2      | Found a blossoming altar of Fedhas.
  2721 | D:2      | Noticed Ijyb
  3173 | D:2      | Killed Ijyb
  3173 | D:2      | Reached skill level 1 in Fighting
  3173 | D:2      | Reached XP level 4. HP: 30/32 MP: 0/7
  3506 | D:3      | Reached skill level 6 in Stealth
  3529 | D:3      | Found a bloodstained altar of Trog.
  3645 | D:3      | Reached skill level 1 in Ice Magic
  3880 | D:3      | Reached XP level 5. HP: 37/37 MP: 8/8
  4302 | D:4      | Noticed an ogre
  4314 | D:4      | Killed an ogre
  4314 | D:4      | Reached XP level 6. HP: 44/44 MP: 4/9
  4379 | D:4      | Reached skill level 7 in Stealth
  4415 | D:4      | Found Teotear's Magic Scroll Boutique.
  4508 | D:4      | Found a shattered altar of Ashenzari.
  4978 | D:4      | Bought a scroll of enchant weapon for 82 gold pieces
  5040 | D:5      | Entered Level 5 of the Dungeon
  5076 | D:5      | Reached XP level 7. HP: 51/51 MP: 11/11
  5240 | D:5      | Learned a level 3 spell: Dazzling Spray
  5336 | D:5      | Reached skill level 8 in Stealth
  5488 | D:5      | Found a glowing golden altar of the Shining One.
  5595 | D:5      | Found Nyli's Food Shop.
  5743 | D:6      | Reached XP level 8. HP: 59/59 MP: 12/12
  6404 | D:6      | Found a sparkling altar of Nemelex Xobeh.
  6430 | D:6      | Reached skill level 9 in Stealth
  6687 | D:6      | Found a staircase to the Ecumenical Temple.
  6760 | Temple   | Entered the Ecumenical Temple
  6993 | Temple   | Became a worshipper of Dithmenos the Shadowed
  8050 | D:7      | Reached skill level 10 in Stealth
  8085 | D:7      | Noticed a komodo dragon
  8088 | D:7      | Killed a komodo dragon
  8088 | D:7      | Reached XP level 9. HP: 67/67 MP: 14/14
  8098 | D:7      | Reached skill level 5 in Fighting
  8244 | D:8      | Reached * piety under Dithmenos
  8334 | D:8      | Noticed CaecusUmbra's ghost (novice MiFi)
  8337 | D:8      | Noticed a troll
  8393 | D:8      | Slain by a troll

Vault maps used:
D:1:      nicolae_arrival_somewhat_less_tricky_arrival
D:2:      grunt_ministairs_1, fedhas_altar_1, uniq_iyjb
D:3:      bloody_trog
D:4:      evilmike_ruin_ashenzari, serial_shops, nicolae_shop_crystal
D:5:      nicolae_tso_carved_into_rock, serial_shops, shop, first_bread
D:6:      kennysheep_little_box
D:7:      minmay_cornered_nines
D:8:      minitemple, nicolae_ru_great_annihilating_truth
Temple:   nicolae_temple_figure_eight

Skill      XL: |  1  2  3  4  5  6  7  8  9 |
---------------+----------------------------+-----
Stealth        | 5 6 7 8 10 | 10.6
Hexes          | 5 6 7 |  7.9
Short Blades   | 2 3 4 |  4.7
Fighting       | 1 2 3 4 5 |  5.2
Ice Magic      | 1 2 3 |  3.7
Dodging        | 3 4 |  4.8
Spellcasting   | 3 |  3.8

Action                   |  1- 3 |  4- 6 |  7- 9 || total
-------------------------+-------+-------+-------++-------
Melee: Dagger            |   154 |   199 |   254 ||   607
       Bite              |    11 |    14 |    21 ||    46
 Cast: Ensorcelled Hiber |    18 |    12 |    25 ||    55
       Confuse           |     2 |     1 |    23 ||    26
       Dazzling Spray    |       |       |     3 ||     3
  Use: Potion            |    16 |     9 |    16 ||    41
       Scroll            |     5 |     4 |     6 ||    15
 Stab: Sleeping          |    17 |    19 |    23 ||    59
       Distracted        |     1 |     2 |       ||     3
       Confused          |       |     2 |    10 ||    12
       Invisible         |       |       |     2 ||     2
Armor: Robe              |    35 |    49 |    22 ||   106
Dodge: Dodged            |    72 |   157 |   143 ||   372
